 Dungeon Crawl Stone Soup version 0.29.1-2-gbd0b4ee654 (webtiles) character file.

Game seed: 1713619506814103093

4618 hawla the Destroyer (level 11, 0/82 HPs)
             Began as a Meteoran Ice Elementalist on Oct 25, 2022.
             Was a Follower of Vehumet.
             Slain by a troll (11 damage)
             ... on level 7 of the Dungeon on Oct 26, 2022.
             The game lasted 00:25:15 (4719 turns).

hawla the Destroyer (Meteoran Ice Elementalist)     Turns: 4719, Time: 00:25:16

Health: 0/82       AC:  6    Str:  9    XL:     11   Next: 1%
Magic:  4/22       EV: 14    Int: 21    God:    Vehumet [*.....]
Gold:   249        SH:  5    Dex: 16    Spells: 8/24 levels left

rFire   . . .      SeeInvis .   j - +1 eveningstar
rCold   . . .      Faith    .   (no shield)
rNeg    . . .      Spirit   .   a - +1 robe
rPois   .          Reflect  +   (no helmet)
rElec   .          Harm     .   (no cloak)
rCorr   .          Rampage  .   c - +2 pair of gloves
Will    +....                   (no boots)
Stlth   +.........              o - amulet of reflection
HPRegen 0.23/turn               n - +4 ring of slaying
MPRegen 0.18/turn               (no ring)

@: freezing walls, glowing
A: sense surroundings 2, otherworldly, glowing, explore regen
a: Renounce Religion


You were on level 7 of the Dungeon.
You worshipped Vehumet.
Vehumet was aware of your devotion.
You visited 2 branches of the dungeon, and saw 9 of its levels.
You also visited: Ossuary.

You collected 249 gold pieces.

Inventory:

Hand Weapons
 j - a +1 eveningstar (weapon)
Armour
 a - a +1 robe (worn)
 c - a +2 pair of gloves (worn)
Jewellery
 n - a +4 ring of slaying (left hand)
 o - an amulet of reflection (around neck)
Scrolls
 g - 2 scrolls of identify
 h - a scroll of magic mapping
 k - a scroll of enchant armour
 m - a scroll of fog {unknown}
 q - a scroll of enchant weapon
 r - 2 scrolls of amnesia
Potions
 b - a potion of magic
 d - 4 potions of brilliance
 e - a potion of cancellation
 i - 8 potions of curing
 l - a potion of heal wounds
 p - a potion of mutation {unknown}
 s - a potion of might {unknown}


   Skills:
 - Level 3.4 Fighting
 - Level 6.4 Maces & Flails
 - Level 4.1 Dodging
 - Level 1.4 Stealth
 - Level 7.1 Spellcasting
 + Level 10.1 Conjurations
 - Level 4.0 Translocations
 - Level 9.6 Ice Magic
 + Level 0.7 Air Magic
 - Level 1.1 Evocations


You had 8 spell levels left.
You knew the following spells:

 Your Spells              Type           Power      Damage    Failure   Level
a - Lightning Bolt        Conj/Air       15%        1d29      26%         5
b - Frozen Ramparts       Ice            96%        1d15      1%          3
c - Hailstorm             Conj/Ice       49%        3d11      1%          4
d - Iskenderun's Mystic   Conj/Tloc      37%        2d9       4%          4

Your spell library contained the following spells:

 Spells                   Type           Power      Damage    Failure   Level
 Magic Dart               Conj           100%       1d8       1%          1
 Freeze                   Ice            100%       1d11      1%          1
 Ozocubu's Armour         Ice            48%        N/A       1%          3
 Blink                    Tloc           48%        N/A       2%          2
 Dazzling Flash           Conj/Hex       56%        N/A       3%          3
 Lesser Beckoning         Tloc           24%        N/A       4%          3
 Necrotise                Necr           28%        1d5       9%          1
 Summon Guardian Golem    Hex/Summ       7%         N/A       26%         3
 Vampiric Draining        Necr           7%         2d6       26%         3
 Manifold Assault         Tloc           24%        N/A       43%         5
 Airstrike                Air            5%         2d(1-17)  54%         4
 Summon Lightning Spire   Summ/Air       9%         N/A       58%         4
 Orb of Destruction       Conj           25%        9d9       75%         7
 Starburst                Conj/Fire      14%        6d6       86%         6
 Agony                    Necr           7%         N/A       94%         5
 Spellforged Servitor     Conj/Summ      14%        N/A       100%        7


Dungeon Overview and Level Annotations

Branches:
Dungeon (8/15) Zot: 473    Temple (1/1) D:4 Zot: 515 Ossuary (visited)
   Lair: D:8-11

Altars:
Ashenzari
Cheibriados
Dithmenos
Elyvilon
Gozag
Hepliaklqana
Makhleb
Nemelex Xobeh
Okawaru
Qazlal
Ru
Sif Muna
Trog
Uskayaw
Vehumet
Yredelemnul
Zin
The Shining One

Annotations:
D:3 3 runed translucent doors, safid's ghost, weakling MiHu
D:8 Psyche


Innate Abilities, Weirdness & Mutations

You passively map the area around you.
You are easily found by Zot.
You glow in the dark.
You regain HP and MP as you explore.


Message History

You erupt in a blast of force!
The mystic blast hits the troll!
The troll is severely wounded.
The troll is knocked back by the mystic blast.
The troll slams into the rock wall!
The troll is severely wounded.
The mystic blast hits the hound!
The hound is severely wounded.
The hound is knocked back by the mystic blast.
You aren't carrying any items that you can evoke.
As you read the scroll of fear, it crumbles to dust.
You assume a fearsome visage.
The troll looks frightened!
The hound looks frightened!
You are no longer corroded.
Cornered, the troll turns to fight!
Casting: Iskenderun's Mystic Blast (dangerous; 4% risk of failure)
Confirm with . or Enter, or press ? or * to list all spells.
The spell is quite dangerous to miscast (26% risk of failure)!
Continue anyway?
Okay, then.
Casting: Lightning Bolt (quite dangerous; 26% risk of failure)
Confirm with . or Enter, or press ? or * to list all spells.
Casting: Frozen Ramparts (safe; 1% risk of failure)
Press: ? - help, Dir - look around, f - activate
Okay, then.
Casting: Frozen Ramparts (safe; 1% risk of failure)
Confirm with . or Enter, or press ? or * to list all spells.
Casting: Frozen Ramparts (safe; 1% risk of failure)
Press: ? - help, Dir - look around, f - activate The walls around you are covered in ice.
The wall freezes the troll!
The troll bites you! The troll claws you. The troll claws you!
* * * LOW HITPOINT WARNING * * *
Casting: Frozen Ramparts (safe; 1% risk of failure)
Confirm with . or Enter, or press ? or * to list all spells.
You don't have enough magic to cast this spell.
You puncture the troll!
The troll is severely wounded.
The wall freezes the troll!
You block the troll's attack. The troll claws you.
* * * LOW HITPOINT WARNING * * *
The troll claws you!
You die...

..#########.....††....#
..####...##..##.###'###
..#......##..##.###...####
..+......................#
####.....##..............#
..#########..............#
.........................#
.........#######.####...##
..#########..###@########
#'####...##....T....#
....................#
....................#
######[.......##...##
...)##........######
..[)...........#
.....[.........#
...)...........#


You could see a troll.

Vanquished Creatures
  A hornet (D:7)
  6 yaks (D:7)
  2 acid dragons
  Duvessa (D:5)
  3 sky beasts (D:7)
  A black bear (D:6)
  3 ice beasts
  4 ogres
  A centaur (D:7)
  A phantom (D:5)
  Blork the orc (D:7)
  3 necrophages
  8 scorpions
  2 bullfrogs (D:7)
  5 wights (D:7)
  Dowan (D:5)
  2 howler monkeys (D:6)
  2 electric eels
  A centaur zombie (Ossuary)
  4 hounds
  4 orc priests
  A human zombie (Ossuary)
  5 iguanas
  6 scorpion zombies (Ossuary)
  An orc wizard (D:5)
  3 mummies (Ossuary)
  4 gnolls
  4 adders
  3 ufetubi
  2 worms
  A dart slug (D:2)
  21 orcs
  2 endoplasms
  3 giant cockroaches
  A gnoll zombie (Ossuary)
  9 goblins
  6 hobgoblins
  13 jackals
  3 kobolds
  6 quokkas
  4 ball pythons
  A bat (D:3)
  5 frilled lizards
  2 goblin zombies (Ossuary)
  A kobold zombie (Ossuary)
  2 orc zombies (Ossuary)
  6 rats
171 creatures vanquished.

Vanquished Creatures (others)
  A fungus (D:3)
  3 plants (D:3)
4 creatures vanquished.

Grand Total: 175 creatures vanquished

Notes
Turn   | Place    | Note
-------+----------+-------------------------------------------
     0 | D:1      | hawla the Meteoran Ice Elementalist began the quest for the
                  | Orb.
     0 | D:1      | Reached XP level 1. HP: 14/14 MP: 5/5
    69 | D:1      | Reached XP level 2. HP: 19/20 MP: 4/6
   135 | D:1      | Found a faded altar of an unknown god.
   290 | D:1      | Reached XP level 3. HP: 26/26 MP: 6/8
   424 | D:1      | Reached skill level 5 in Ice Magic
   500 | D:1      | Glimpsed the power of Zot.
   550 | D:1      | Glimpsed the power of Zot.
   738 | D:2      | Reached XP level 4. HP: 29/33 MP: 7/10
   742 | D:2      | Learned a level 3 spell: Frozen Ramparts
  1098 | D:2      | Glimpsed the power of Zot.
  1194 | D:3      | Found a runed translucent gate.
  1194 | D:3      | Found a runed translucent gate.
  1194 | D:3      | Found a runed translucent gate.
  1196 | D:3      | Noticed safid's ghost (weakling MiHu)
  1199 | D:3      | Noticed a kobold brigand
  1232 | D:3      | Found an iron altar of Okawaru.
  1241 | D:3      | Reached XP level 5. HP: 24/38 MP: 8/12
  1532 | D:3      | Learned a level 4 spell: Hailstorm
  1689 | D:3      | Glimpsed the power of Zot.
  1831 | D:4      | Noticed an ice beast
  2019 | D:4      | Reached XP level 6. HP: 42/45 MP: 9/13
  2168 | D:4      | Noticed an ogre
  2177 | D:4      | Killed an ogre
  2178 | D:4      | Reached skill level 1 in Conjurations
  2178 | D:4      | Reached XP level 7. HP: 41/50 MP: 0/14
  2303 | D:4      | Glimpsed the power of Zot.
  2306 | D:4      | Found a staircase to the Ecumenical Temple.
  2321 | D:5      | Entered Level 5 of the Dungeon
  2357 | D:5      | Reached skill level 2 in Conjurations
  2373 | D:5      | Found a sand-covered staircase.
  2385 | Ossuary  | Entered an ossuary
  2404 | Ossuary  | Reached skill level 1 in Maces & Flails
  2404 | Ossuary  | Reached XP level 8. HP: 57/57 MP: 15/15
  2411 | Ossuary  | Learned a level 4 spell: Iskenderun's Mystic Blast
  2450 | Ossuary  | Reached skill level 3 in Conjurations
  2501 | Ossuary  | Reached skill level 4 in Conjurations
  2521 | Ossuary  | Reached skill level 5 in Conjurations
  2580 | Ossuary  | Reached skill level 1 in Translocations
  2589 | Ossuary  | Reached skill level 6 in Conjurations
  2653 | Ossuary  | Reached skill level 7 in Conjurations
  2653 | Ossuary  | Gained mutation: You passively map the area around you.
                  | [Meteoran growth]
  2653 | Ossuary  | Reached XP level 9. HP: 41/62 MP: 9/16
  2816 | D:5      | Noticed Duvessa
  2816 | D:5      | Noticed Dowan
  2822 | D:5      | Killed Duvessa
  2831 | D:5      | Killed Dowan
  2832 | D:5      | Reached skill level 8 in Conjurations
  3110 | D:5      | Reached skill level 1 in Fighting
  3206 | D:5      | Reached skill level 5 in Spellcasting
  3233 | D:5      | Glimpsed the power of Zot.
  3317 | D:6      | Noticed Blork the orc
  3379 | D:7      | Killed Blork the orc
  3413 | D:7      | Reached XP level 10. HP: 56/73 MP: 4/19
  3462 | D:6      | Reached skill level 1 in Evocations
  3805 | Temple   | Entered the Ecumenical Temple
  3880 | Temple   | Became a worshipper of Vehumet
  4015 | D:7      | Reached skill level 5 in Maces & Flails
  4032 | D:7      | Reached skill level 9 in Conjurations
  4275 | D:7      | Learned a level 5 spell: Lightning Bolt
  4434 | D:7      | Reached * piety under Vehumet
  4434 | D:7      | Offered knowledge of Magic Dart by Vehumet.
  4495 | D:7      | Glimpsed the power of Zot.
  4678 | D:8      | Noticed Psyche
  4680 | D:8      | Reached skill level 10 in Conjurations
  4680 | D:8      | Reached XP level 11. HP: 40/82 MP: 3/22
  4719 | D:7      | Slain by a troll

Illustrated notes

Levels and vault maps discovered:
D:1:      scummos_arrival_forest, layout_loops_ring, basic_ecumenical_altar,
          moated_statue
D:2:      layout_loops_ring, minivault_14
D:3:      layout_basic, mainiacjoe_overflow_concentric_impassable,
          gammafunk_ghost_nasty_kobolds, grunt_decor_resistance,
          dk_noncrumbling_4
D:4:      layout_layer_cave, minmay_temple_entry_slanted,
          minmay_three_crescents, uniq_menkaure
D:5:      layout_basic, lightli_ossuary_entry_decrepit_ruins, uniq_duvessa
D:6:      layout_basic, uniq_blork_the_orc
D:7:      layout_gridville, kennysheep_generic_room_16
D:8:      layout_layer_cave, kennysheep_vampire_church, erik_lair_island,
          uniq_pikel, uniq_psyche, uniq_grum
Temple:   nicolae_temple_bog_church

Skill      XL: |  1  2  3  4  5  6  7  8  9 10 |
---------------+-------------------------------+-----
Spellcasting   | 3 4 5 7 |  7.1
Ice Magic      | 5 6 7 8 9 |  9.6
Conjurations   | 1 2 7 8 10 | 10.1
Maces & Flails | 1 4 6 |  6.4
Translocations | 2 3 4 |  4.0
Fighting       | 1 3 |  3.4
Dodging        | 3 4 |  4.1
Evocations     | 1 |  1.1
Stealth        | |  1.4
Air Magic      | |  0.7

Action                   |  1- 3 |  4- 6 |  7- 9 | 10-12 || total
-------------------------+-------+-------+-------+-------++-------
Melee: Unarmed           |     1 |       |       |       ||     1
       Eveningstar       |       |    54 |   141 |    53 ||   248
       Punch             |       |       |     6 |     1 ||     7
 Cast: Freeze            |    43 |     1 |     2 |       ||    46
       Frozen Ramparts   |       |    18 |    13 |     5 ||    36
       Hailstorm         |       |     2 |    17 |    21 ||    40
       Iskenderun's Myst |       |       |    15 |     9 ||    24
       Lightning Bolt    |       |       |       |     5 ||     5
Evoke: Wand              |       |       |     7 |       ||     7
  Use: Scroll            |     4 |     4 |     9 |     1 ||    18
       Potion            |       |     2 |     5 |     2 ||     9
Armor: Robe              |     6 |    13 |    73 |    20 ||   112
Dodge: Dodged            |    13 |    50 |   118 |    41 ||   222
Block: Other             |       |       |       |     8 ||     8
